 Dungeon Crawl Stone Soup version 0.21.1-1-g345015f (webtiles) character file.

17 tidbits the Stinger (level 2, -1/23 HPs)
             Began as a Gnoll Wanderer on Feb 7, 2018.
             Slain by a gnoll (5 damage)
             ... on level 1 of the Dungeon.
             The game lasted 00:02:28 (203 turns).

tidbits the Stinger (Gnoll Wanderer)                 Turns: 203, Time: 00:02:28

Health: -1/23      AC:  2    Str: 15    XL:     2   Next: 62%
Magic:  5/5        EV: 13    Int: 11    God:
Gold:   10         SH:  0    Dex: 16    Spells: 5/6 levels left

rFire    . . .     SeeInvis .   a - +2 spear
rCold    . . .     Gourm    .   (no shield)
rNeg     . . .     Faith    .   B - +0 robe
rPois    .         Spirit   .   (no helmet)
rElec    .         Reflect  .   (no cloak)
rCorr    .         Harm     .   (no gloves)
MR       .....                  (no boots)
Stlth    ++........             (no amulet)
HPRegen  0.07/turn              (no ring)
MPRegen  0.09/turn              (no ring)

@: no status effects
A: distributed training, fangs 1, strong nose
a: no special abilities


You were on level 1 of the Dungeon.
You were full.

You visited 1 branch of the dungeon, and saw 2 of its levels.

You collected 10 gold pieces.

Inventory:

Hand Weapons
 a - a +2 spear (weapon)
 g - a +0 short sword
 j - a cursed -1 hunting sling
Missiles
 d - 34 bolts
 e - 22 stones (quivered)
 l - 25 arrows
Armour
 B - a +0 robe (worn)
Scrolls
 f - a scroll of teleportation
Potions
 h - a potion of berserk rage {unknown}
 i - a potion of agility {unknown}
 k - a potion of invisibility {unknown}
Books
 b - the Papyrus of Stolen Souls

   Spells                             Type                      Level
   a - Animate Skeleton               Necromancy                   1
   b - Regeneration                   Charms/Necromancy            3
Comestibles
 c - 3 rations


   Skills:
 + Level 2.5 Fighting
 + Level 0.4 Short Blades
 + Level 0.4 Long Blades
 + Level 0.4 Axes
 + Level 0.4 Maces & Flails
 + Level 0.4 Polearms
 + Level 0.4 Staves
 + Level 0.4 Slings
 + Level 0.4 Bows
 + Level 0.4 Crossbows
 + Level 2.5 Throwing
 + Level 0.4 Armour
 + Level 2.5 Dodging
 + Level 2.2 Stealth
 + Level 2.5 Shields
 + Level 0.4 Unarmed Combat
 + Level 2.7 Spellcasting
 + Level 0.2 Conjurations
 + Level 0.2 Hexes
 + Level 0.2 Charms
 + Level 0.2 Summonings
 + Level 0.2 Necromancy
 + Level 0.2 Translocations
 + Level 0.2 Transmutations
 + Level 0.2 Fire Magic
 + Level 0.2 Ice Magic
 + Level 3.7 Air Magic
 + Level 0.2 Earth Magic
 + Level 3.7 Poison Magic
 + Level 0.5 Invocations
 + Level 0.4 Evocations


You had 5 spell levels left.
You knew the following spells:

 Your Spells              Type           Power        Failure   Level  Hunger
n - Animate Skeleton      Necr           N/A          24%         1    #......


Dungeon Overview and Level Annotations

Branches:
Dungeon (2/15)

Altars:


Innate Abilities, Weirdness & Mutations

Your experience applies equally to all skills.
You have very sharp teeth.
Your uncanny sense of smell can sniff out nearby items.


Message History

You enter a teleport trap!
The teleport trap disappears.
Your surroundings suddenly seem different.
A rat and a goblin come into view.
Found a stone staircase leading down.
A kobold comes into view. It is wielding a whip.
The kobold shouts!
You hit the rat.
You kill the rat!
The goblin moves out of view.
The kobold throws a stone.
The stone hits you.
* * * LOW HITPOINT WARNING * * *
The kobold throws a stone.
The stone hits you but does no damage.
Things that are here:
a stone; a rat corpse The goblin closely misses you.
A dart slug comes into view.
You are too injured to fight recklessly!
Unknown command.
You hit the goblin.
You kill the goblin!
You miss the kobold.
The dart slug moves out of view.
The kobold hits you with a whip.
* * * LOW HITPOINT WARNING * * *
You hit the kobold. You bite the kobold, but do no damage.
The kobold is severely wounded.
The kobold closely misses you.
You closely miss the kobold. You bite the kobold, but do no damage.
The kobold is severely wounded.
The kobold barely misses you.
You completely miss the kobold.
The kobold is severely wounded.
The kobold barely misses you.
You hit the kobold.
You kill the kobold!
A kobold comes into view.
The kobold shouts!
You hit the dart slug.
The dart slug is severely wounded.
The dart slug bites you but does no damage.
The kobold throws a stone.
The stone closely misses you.
You hit the dart slug.
You kill the dart slug!
You puncture the kobold!
You kill the kobold!
Things that are here:
a whip; a club; a goblin corpse
Found a ration.
Found a leather armour.
You see here a ration.
You eat the ration.
That ration really hit the spot!
There is a stone staircase leading down here.
You climb downwards.
There is a stone staircase leading up here.
Unknown command.
You climb upwards.
There is a stone staircase leading down here.
Unknown command.
A frilled lizard comes into view.
The frilled lizard moves out of view.
Found a leather armour and a scroll labeled GITTUA GISHRI.
You see here a black potion.
i - a black potion
Found a ration.
You see here a hunting sling.
j - a hunting sling The frilled lizard hisses angrily.
You are too injured to fight recklessly!
Attack whom?
Press: ? - help, Dir - move target cursor, f - frilled lizard
Aim: a frilled lizard You reach to attack!
You hit the frilled lizard.
The frilled lizard is heavily wounded.
You puncture the frilled lizard!
You kill the frilled lizard!
You see here a ration.
c - 3 rations (gained 1)
Found a bubbling red potion.
Found 25 arrows.
You see here a bubbling red potion.
k - a bubbling red potion You see here 25 arrows.
l - 25 arrows A gnoll comes into view.
Attack whom?
Press: ? - help, Dir - move target cursor, f - gnoll
Aim: a gnoll (resting)
You reach to attack!
The helpless gnoll fails to defend itself.
You hit the gnoll.
The gnoll is heavily wounded.
You hit the gnoll but do no damage.
The gnoll is heavily wounded.
The gnoll barely misses you.
You hit the gnoll but do no damage.
The gnoll is heavily wounded.
The gnoll hits you!
* * * LOW HITPOINT WARNING * * *
You hit the gnoll.
The gnoll is heavily wounded.
The gnoll hits you.
You die...

.. #######.####
##...........
#..8.8.8.8.8.
#............
...8.8.8.8.8∆
######..........
......g@........
..#.##.#.######
#.#.#
#.##.#.#####
#..........# #.
#..........#
#?..
#..........#
##...#
##.........#
..#.....#
...........#


You could see a gnoll.

Vanquished Creatures
  A dart slug (D:1)
  2 giant cockroaches (D:1)
  3 goblins (D:1)
  3 kobolds (D:1)
  3 bats (D:1)
  A frilled lizard (D:1)
  A rat (D:1)
14 creatures vanquished.

Notes
Turn   | Place    | Note
-------+----------+-------------------------------------------
     0 | D:1      | tidbits the Gnoll Wanderer began the quest for the Orb.
     0 | D:1      | tidbits set off with: a +2 spear, the Papyrus of Stolen Souls, a scroll of teleportation, a +0 robe, a ration
     0 | D:1      | Reached XP level 1. HP: 17/17 MP: 4/4
     0 | D:1      | Identified the Papyrus of Stolen Souls
    10 | D:1      | Learned a level 1 spell: Animate Skeleton
   100 | D:1      | Reached XP level 2. HP: 12/23 MP: 5/5
   203 | D:1      | Slain by a gnoll

Action                   || total
-------------------------++-------
Melee: Spear             ||    36
       Bite              ||     3
 Stab: Distracted        ||     1
       Sleeping          ||     1
  Eat: Ration            ||     1
Armor: Robe              ||     4
Dodge: Dodged            ||    20

Table legend:
 A = Turns spent in this place as a percentage of turns spent in the entire game.
 B = Non-inter-level travel turns spent in this place as a percentage of non-inter-level travel turns spent in the entire game.
 C = Inter-level travel turns spent in this place as a percentage of turns spent in this place.
 D = Turns resting spent in this place as a percentage of non-inter-level travel turns spent in this place.
 E = Turns spent auto-exploring this place as a percentage of non-inter-level travel turns spent in this place.
 F = Non-inter-level travel turns spent in this place divided by the number of levels of this place that you've seen.
                   A       B       C       D       E      F
               +-------+-------+-------+-------+-------+----------------------
         Total | 100.0 | 100.0 |   0.0 |   0.0 |   0.0 | 101.5
       Dungeon | 100.0 | 100.0 |   0.0 |   0.0 |   0.0 | 101.5
               +-------+-------+-------+-------+-------+----------------------

Table legend:
 A = Kills in this place as a percentage of kills in entire the game.
 B = Kills by you in this place as a percentage of kills by you in the entire game.
 C = Kills by friends in this place as a percentage of kills by friends in the entire game.
 D = Other kills in this place as a percentage of other kills in the entire game.
 E = Experience gained in this place as a percentage of experience gained in the entire game.
 F = Experience gained in this place divided by the number of levels of this place that you have seen.
                   A       B       C       D       E      F
               +-------+-------+-------+-------+-------+----------------------
         Total | 100.0 | 100.0 |   N/A |   N/A | 100.0 |  12.5
       Dungeon | 100.0 | 100.0 |   N/A |   N/A | 100.0 |  12.5
               +-------+-------+-------+-------+-------+----------------------

Vault maps used:
D:1:      dpeg_arrival_signposts, st_stairs_12, minmay_misc_feat_pillars
D:2:      makhleb_heckhound_becter, first_ration
